 Dungeon Sprint DCSS version 0.30.1-4-g462c640d31 (webtiles) character file.

Game seed: 10233560211676213295

699 Heoruswealwe the Grappler (level 7, -1/78 HPs)
             Began as a Troll Berserker on Aug 22, 2023.
             Was a Priest of Trog.
             Killed from afar by a white imp (7 damage)
             ... with a puff of frost
             ... summoned by a kobold demonologist
             ... in the Dungeon (Sprint I: "Red Sonja").
             The game lasted 00:03:17 (200 turns).

Heoruswealwe the Grappler (Troll Berserker)          Turns: 200, Time: 00:03:18

Health: -1/78      AC:  4    Str: 28    XL:     7   Next: 38%
Magic:  6/6        EV: 11    Int:  3    God:    Trog [***...]
Gold:   474        SH:  0    Dex:  9    Spells: 6/6 levels left

rFire   . .          .
                       - Unarmed
rCold   . . .        (no shield)
rNeg    . . .        c - +0 animal skin
rPois   .            (helmet restricted)
rElec   .            (no cloak)
rCorr   .            (gloves unavailable)
SInv    +            (boots unavailable)
Will    .....        (no amulet)
Stlth   +            k - ring of see invisible
HPRegen 1.13/turn    (no ring)
MPRegen 0.10/turn

%: no teleportation
@: spiked, hasted, very quick
A: large, unfitting armour, claws 3, regeneration 1, shaggy fur 1, tough skin 1
a: Renounce Religion, Berserk, Trog's Hand


You were in the Dungeon.
You worshipped Trog.
Trog was most pleased with you.
You visited 1 branch You collected 474 gold pieces.

Inventory:

Armour
 c - a +0 animal skin (worn)
Jewellery
 k - a ring of see invisible (left claw)
Wands
 e - a wand of roots (11)
 h - a wand of digging (4)
Scrolls
 g - a scroll of blinking
Potions
 a - a potion of heal wounds
 b - a potion of curing


   Skills:
 + Level 7.2 Fighting
 + Level 7.2 Dodging
 * Level 11.8 Unarmed Combat


You had 6 spell levels left.
You didn't know any spells.
Your spell library was empty.

Dungeon Overview and Level Annotations

Branches:
Dungeon (1/1)

Altars:
Cheibriados
Dithmenos
Elyvilon
Fedhas
Gozag
Hepliaklqana
Kikubaaqudgha
Makhleb
Nemelex Xobeh
Okawaru
Qazlal
Ru
Sif Muna
Trog
Uskayaw
Vehumet
Wu Jian
Xom
Yredelemnul
Zin
The Shining One
Jiyva
Lugonu

Shops:
D (


Innate Abilities, Weirdness & Mutations

You are too large for most types of armour.
You have claws for hands.
Your natural rate of healing is unusually fast.
You are covered in fur. (AC +1)
You have tough skin. (AC +1)


Message History

The red devil closely misses you.
You miss the kobold demonologist.
The iron imp laughs crazily.
The iron imp barely misses you.
You scratch the kobold demonologist but do no damage.
You claw the kobold demonologist!!
The kobold demonologist is heavily wounded.
The kobold demonologist hits you with a +0 dagger.
The red devil hits you from afar with a +0 trident!!
Barbed spikes become lodged in your body.
You barely miss the kobold demonologist.
The kobold demonologist is heavily wounded.
The iron imp hits you.
You closely miss the kobold demonologist.
The kobold demonologist is heavily wounded.
The kobold demonologist casts a cantrip, but nothing happens.
The kobold demonologist barely misses you.
The red devil misses you.
You barely miss the kobold demonologist.
The kobold demonologist is heavily wounded.
You barely miss the kobold demonologist.
You claw the kobold demonologist!
The kobold demonologist is almost dead.
The kobold demonologist hits you but does no damage.
The red devil hits you from afar with a +0 trident!!
Barbed spikes become lodged in your body.
The iron imp hits you.
You closely miss the kobold demonologist.
The kobold demonologist is almost dead.
You mangle the kobold demonologist!!
You kill the kobold demonologist!
Trog accepts your kill.
Trog appreciates your killing of a magic user.
The iron imp disappears in a puff of smoke!
The red devil hits you from afar with a +0 trident!!
* * * LOW HITPOINT WARNING * * *
Barbed spikes become lodged in your body.
The white imp gestures at you. The puff of frost hits you!
You die...

#####################
.)..#!.'..#__#..@§55#
.#..').#..'..'..#K5.#
###'#####'#__####.4.+
##..#...#.#### ####
_####..##.#
____##'#_.+
.∩...†..._#
..__##_.#'#
____###+#.#


You could see a kobold demonologist, a red devil (summoned), an iron imp
(summoned) and 2 white imps.

Vanquished Creatures
  A kobold demonologist (D)
  A slime creature (D)
  Sigmund (D)
  A yak (D)
  A floating eye (D)
  An ogre (D)
  A jelly (D)
  Ijyb (D)
8 creatures vanquished.

Notes
Turn   | Place    | Note
-------+----------+-------------------------------------------
     0 | D        | Heoruswealwe the Troll Berserker began the quest for the
                  | Orb.
     0 | D        | Reached XP level 1. HP: 22/22 MP: 0/0
     1 | D        | Noticed Ijyb
    10 | D        | Killed Ijyb
    11 | D        | Reached skill level 4 in Unarmed Combat
    11 | D        | Reached XP level 2. HP: 26/31 MP: 1/1
    33 | D        | Noticed an ogre
    36 | D        | Killed an ogre
    37 | D        | Reached skill level 7 in Unarmed Combat
    37 | D        | Reached XP level 3. HP: 40/40 MP: 2/2
    37 | D        | Reached XP level 4. HP: 49/49 MP: 3/3
    71 | D        | Noticed Sigmund
    76 | D        | Killed Sigmund
    76 | D        | Reached ** piety under Trog
    77 | D        | Reached skill level 5 in Fighting
    77 | D        | Reached skill level 5 in Dodging
    77 | D        | Reached skill level 9 in Unarmed Combat
    77 | D        | Reached XP level 5. HP: 52/59 MP: 4/4
    95 | D        | Found an ornate altar of the Wu Jian Council.
    95 | D        | Found a shimmering blue altar of Sif Muna.
    97 | D        | Found a radiant altar of Vehumet.
   100 | D        | Reached XP level 6. HP: 64/67 MP: 5/5
   126 | D        | Found Werod's Weapon Emporium.
   126 | D        | Found an ancient bone altar of Kikubaaqudgha.
   126 | D        | Found a hazy altar of Hepliaklqana.
   126 | D        | Found a stormy altar of Qazlal.
   126 | D        | Found a hide-covered altar of Uskayaw.
   126 | D        | Found a blossoming altar of Fedhas.
   126 | D        | Found a bloodstained altar of Trog.
   126 | D        | Found an iron altar of Okawaru.
   126 | D        | Found a basalt altar of Yredelemnul.
   126 | D        | Found a glowing golden altar of the Shining One.
   126 | D        | Found a snail-covered altar of Cheibriados.
   126 | D        | Found a sacrificial altar of Ru.
   126 | D        | Found a glowing silver altar of Zin.
   126 | D        | Found a shadowy altar of Dithmenos.
   126 | D        | Found a white marble altar of Elyvilon.
   126 | D        | Noticed a yak
   131 | D        | Killed a yak
   132 | D        | Reached skill level 10 in Unarmed Combat
   132 | D        | Found an opulent altar of Gozag.
   133 | D        | Found a sparkling altar of Nemelex Xobeh.
   148 | D        | Found a burning altar of Makhleb.
   148 | D        | Found a viscous altar of Jiyva.
   148 | D        | Found a shimmering altar of Xom.
   148 | D        | Found a corrupted altar of Lugonu.
   148 | D        | Noticed a slime creature
   156 | D        | Killed a slime creature
   156 | D        | Reached *** piety under Trog
   157 | D        | Reached skill level 11 in Unarmed Combat
   157 | D        | Reached XP level 7. HP: 45/78 MP: 6/6
   187 | D        | Noticed a kobold demonologist
   188 | D        | Noticed a kobold demonologist
   189 | D        | Noticed a red devil
   200 | D        | Killed a kobold demonologist
   200 | D        | Killed from afar by a white imp

Illustrated notes

Levels and vault maps discovered:
D:        dungeon_sprint_1 [red_sonja_temple_1, red_sonja_temple_small_1]

Skill      XL: |  1  2  3  4  5  6 |
---------------+-------------------+-----
Fighting       | 3 4 5 7 |  7.2
Dodging        | 3 4 5 7 |  7.2
Unarmed Combat | 4 7 9 11 | 11.8

Action                     |  1- 3 |  4- 6 |  7- 9 || total
---------------------------+-------+-------+-------++-------
  Melee: Unarmed           |    10 |    17 |    11 ||    38
         Punch             |       |     2 |     3 ||     5
  Evoke: Wand              |     1 |       |       ||     1
    Use: Potion            |     1 |       |     1 ||     2
 Armour: Animal skin       |       |     1 |     1 ||     2
  Dodge: Dodged            |     2 |     3 |     4 ||     9
